 Dungeon Crawl Stone Soup version 0.31-a0-237-g2d982f9f85 (webtiles) character file.

Game seed: 18353579884896937831

132 qw the Shooter (level 5, -3/30 HPs)
             Began as a Gargoyle Hexslinger on July 11, 2023.
             Slain by a hound (5 damage)
             ... on level 3 of the Dungeon.
             The game lasted 00:00:49 (2116 turns).

qw the Shooter (Gargoyle Hexslinger)                Turns: 2116, Time: 00:00:50

Health: -3/30      AC:  9    Str: 11    XL:     5   Next: 15%
Magic:  6/6        EV: 10    Int: 14    God:
Gold:   56         SH:  0    Dex: 14    Spells: 5/6 levels left

rFire   . . .        Y - +3 sling (chaos)
rCold   . . .        (no shield)
rNeg    + . .        k - +0 ring mail
rPois   inf          (no helmet)
rElec   +            (no cloak)
rCorr   .            (no gloves)
SInv    .            (no boots)
Will    .....        (no amulet)
Stlth   +            (no ring)
HPRegen 0.25/turn    (no ring)
MPRegen 0.10/turn

%: no passive effects
@: no status effects
A: sickness immunity, AC +4, negative energy resistance 1, electricity
resistance, torment resistance 1, petrification resistance
a: no special abilities


You were on level 3 of the Dungeon.
You visited 1 branch of the dungeon, and saw 3 of its levels.

You collected 56 gold pieces.


Innate Abilities, Weirdness & Mutations

You are immune to sickness and miasma.
Your stone body is resilient. (AC +4)
You are immune to poison.
You resist negative energy. (rN+)
You are resistant to electric shocks. (rElec)
You are resistant to unholy torment.
You are immune to petrification.


   Skills:
 - Level 2.0 Fighting
 + Level 4.7 Ranged Weapons
 - Level 1.0 Armour
 - Level 1.5 Dodging
 - Level 1.0 Spellcasting
 - Level 2.6 Hexes


You had 5 spell levels left.
You knew the following spells:

 Your Spells              Type           Power      Damage    Failure   Level
a - Slow                  Hex            32%        N/A       21%         1

Your spell library contained the following spells:

 Spells                   Type           Power      Damage    Failure   Level
 Inner Flame              Hex/Fire       4%         N/A       71%         3
 Portal Projectile        Hex/Tloc       8%         N/A       71%         3
 Cause Fear               Hex            4%         N/A       90%         4

Inventory:

Hand Weapons
 Y - a +3 sling of chaos (weapon)
Armour
 k - a +0 ring mail (worn)
Jewellery
 b - a ring of fire
Wands
 a - a wand of digging (3)
Scrolls
 c - 2 scrolls of identify
 e - a scroll of enchant armour
Potions
 d - a potion of lignification {unknown}
 f - a potion of might {unknown}
 g - a potion of magic {unknown}
 j - a potion of degeneration {unknown}

Dungeon Overview and Level Annotations

Branches:
Dungeon (3/15)

Altars:
Ashenzari


Message History

The hound bites you but does no damage.
The jackal bites you but does no damage.
The hound bites you.
The jackal bites you but does no damage.
The jackal misses you.
The jackal bites you but does no damage.
The jackal barely misses you. The hound closely misses you.
The jackal bites you.
The jackal bites you but does no damage.
You shoot a sling bullet.
The sling bullet barely misses the hound.
The sling bullet hits the jackal.
The jackal suddenly seems more agile.
The jackal is heavily wounded.
The hound bites you but does no damage.
The jackal bites you but does no damage. x2
The hound bites you.
The jackal bites you but does no damage.
The jackal bites you. The jackal closely misses you.
The jackal bites you but does no damage.
The hound bites you.
You shoot a sling bullet. The sling bullet misses the hound.
The sling bullet barely misses the jackal.
The sling bullet hits the howler monkey.
The howler monkey is moderately wounded.
The hound bites you but does no damage. The jackal misses you.
The jackal bites you but does no damage. x2
The jackal closely misses you. The hound barely misses you.
The jackal bites you but does no damage. x2
The jackal closely misses you.
The jackal bites you but does no damage.
You shoot a sling bullet.
The sling bullet closely misses the hound.
The sling bullet hits the jackal!
You kill the jackal!
The hound bites you. The hound bites you but does no damage.
The jackal bites you but does no damage. x2
The jackal bites you.
The jackal bites you but does no damage.
The hound bites you.
You die...

###################
#......P..h@h......
#.........hhh..P...
#....~~~~~%h~~~%~~~
#....~~~~~~~~~~~~~~
#....~~#####~~~~~~~
#....~~#ogg#.......
#....~~#...########
#....~~###+#
#....~~~.#


You could see a howler monkey, a hound (fast, agile, resistant), a gnoll, an orc
and 4 jackals.

Vanquished Creatures
  A howler monkey (D:3)
  3 gnolls (D:3)
  2 worms
  A dart slug (D:2)
  An orc (D:3)
  4 bats
  4 endoplasms
  2 giant cockroaches (D:2)
  5 goblins
  3 hobgoblins
  12 jackals
  4 quokkas
  2 ball pythons (D:3)
  2 frilled lizards
  3 kobolds
  4 rats
53 creatures vanquished.

Notes
Turn   | Place    | Note
-------+----------+-------------------------------------------
     0 | D:1      | qw the Gargoyle Hexslinger began the quest for the Orb.
     0 | D:1      | Reached XP level 1. HP: 12/12 MP: 2/2
     0 | D:1      | 0 ||| qw: Version: 0.3-a-52-g30416fa
     0 | D:1      | 0 ||| qw: Game counter: 5632
     0 | D:1      | 0 ||| qw: Melee chars always use a shield: true
     0 | D:1      | 0 ||| qw: God list: Okawaru
     0 | D:1      | 0 ||| qw: Allow faded altars: false
     0 | D:1      | 0 ||| qw: Do Orc after clearing Dungeon:15 true
     0 | D:1      | 0 ||| qw: Do second Lair branch before Depths: true
     0 | D:1      | 0 ||| qw: Lair rune preference: random
     0 | D:1      | 0 ||| qw: Goals: Normal
     0 | D:1      | 0 ||| PLANNING D:1-11
   322 | D:1      | Reached XP level 2. HP: 16/16 MP: 3/3
   436 | D:1      | Reached skill level 3 in Ranged Weapons
   852 | D:1      | 852 ||| UPGRADING to +0 ring mail.
   862 | D:1      | 862 ||| DROPPING +0 robe.
   863 | D:1      | 863 ||| READING 2 scrolls labelled AKLURPH WAENG.
   864 | D:1      | 864 ||| READING scroll of enchant weapon.
   864 | D:1      | 864 ||| ENCHANTING +2 sling.
   865 | D:1      | 865 ||| READING scroll labelled IBRIEK XA GUE.
   866 | D:1      | 866 ||| READING scroll labelled KYDGHEGGAOR.
   867 | D:1      | 867 ||| READING scroll labelled IPHIZIY CEOPUR.
   868 | D:1      | 868 ||| READING scroll labelled ENATAUKK HOTU.
   871 | D:1      | 871 ||| DROPPING scroll of poison.
   993 | D:2      | Reached XP level 3. HP: 21/21 MP: 4/4
  1201 | D:2      | Found a faded altar of an unknown god.
  1427 | D:2      | 1427 ||| READING scroll labelled CUHIZX XYMIELL.
  1428 | D:2      | 1428 ||| READING 2 scrolls labelled ENWYSK CEROG.
  1663 | D:3      | Reached XP level 4. HP: 20/26 MP: 5/5
  1671 | D:3      | HP: 4/26 [gnoll/+0 club (5)]
  1673 | D:3      | Reached skill level 4 in Ranged Weapons
  1838 | D:3      | Found a broken altar of Ashenzari.
  1977 | D:3      | Reached skill level 1 in Armour
  2092 | D:3      | Reached XP level 5. HP: 30/30 MP: 6/6
  2114 | D:3      | HP: 6/30 [hound (3)]
  2116 | D:3      | HP: 2/30 [jackal (3)]
  2116 | D:3      | Slain by a hound

Levels and vault maps discovered:
D:1:      dpeg_arrival_oval, layout_basic, hangedman_abyss_or_decor_lesser_grid
D:2:      layout_basic, serial_curves, eino_curves_02, eino_curves_02,
          shapermc_ecumenical_altar_acropolis
D:3:      lemuel_castle_with_subvaults [lemuel_castle_interior_carwin_2],
          layout_basic, nicolae_ashenzari_panopticon, minmay_ruptured

Skill      XL: |  1  2  3  4 |
---------------+-------------+-----
Ranged Weapons | 3 4 |  4.7
Fighting       | 2 |  2.0
Armour         | 1 |  1.0
Dodging        | |  1.5
Spellcasting   | |  1.0
Hexes          | |  2.6

Action                     |  1- 3 |  4- 6 || total
---------------------------+-------+-------++-------
   Fire: Sling             |   124 |    57 ||   181
    Use: Scroll            |     8 |       ||     8
 Armour: Robe              |     7 |       ||     7
         Ring mail         |    34 |    43 ||    77
  Dodge: Dodged            |    52 |    39 ||    91

Table legend:
 A = Non-vault XP
 B = Vault XP
 C = Vault XP percentage of total XP
 D = Non-vault monster count
 E = Vault monster count
 F = Vault count percentage of total count
                 A         B        C        D         E       F
            +---------+---------+-------+---------+---------+-------
      Total |      79 |     112 |  58.6 |      40 |      13 |  24.5
            +---------+---------+-------+---------+---------+-------
        D:1 |      28 |       0 |   0.0 |      17 |       0 |   0.0
        D:2 |      27 |       0 |   0.0 |      13 |       0 |   0.0
        D:3 |      24 |     112 |  82.4 |      10 |      13 |  56.5
            +---------+---------+-------+---------+---------+-------
